Canadiens vs Penguins

Created - April 12 2010 at 17:23

Goals
1 2 3 OT1 T
Canadiens 0 2 0 1 3
Penguins 0 1 1 0 2
Shots
1 2 3 OT1 T
Canadiens 6 10 2 1 19
Penguins 10 8 15 4 37

Period #1

No Goal

Penalties :
Brent Seabrook (MTL) for Holding (Minor) at 2:52, Brent Seabrook (MTL) for Hooking (Minor) at 4:55, Jan Hejda (PIT) for Hooking (Minor) at 7:52, Kris Draper (PIT) for Tripping (Minor) at 11:23, John-Michael Liles (PIT) for Roughing (Minor) at 13:55, Dustin Brown (MTL) for Hooking (Minor) at 13:55, Ed Jovanovski (MTL) for Roughing (Minor) at 16:20

Period #2

1. Canadiens , Cory Stillman 2 (Alexander Edler, Patrik Berglund) at 7:55 (PP)
2. Canadiens , Patrik Berglund 1 (Brent Seabrook, Jason Pominville) at 8:20
3. Penguins , Evgeni Malkin 3 (Pavel Datsyuk) at 16:28 (PP)

Penalties :
Brent Seabrook (MTL) for Roughing (Minor) at 2:05, Ed Jovanovski (MTL) for Interference (Minor) at 4:50, Pavel Kubina (PIT) for Hooking (Minor) at 7:02, Freddy Meyer (PIT) for Slashing (Minor) at 9:36, Toni Lydman (MTL) for Interference (Minor) at 14:47

Period #3

4. Penguins , Evgeni Malkin 4 (Pavel Datsyuk) at 4:05

Penalties :
Pavel Kubina (PIT) for High sticking (Minor) at 0:12, Patrik Berglund (MTL) for Checking from behind (Major / Game Misconduct) at 4:06, David Booth (MTL) for Holding Stick (Minor) at 9:18, Alexander Edler (MTL) for Holding (Minor) at 11:34, Brooks Orpik (PIT) for Roughing (Minor) at 16:23

Overtime #1

5. Canadiens , Cory Stillman 3 (Ilya Kovalchuk, Andrei Markov) at 3:41

Penalties :
Nathan Horton (MTL) for Hooking (Minor) at 1:05

Goalie Stats

Evgeni Nabokov (MTL), 35 saves from 37 shots - (0.946), W, 2-0-0, 63:42 minutes
Marc-Andre Fleury (PIT), 16 saves from 19 shots - (0.842), OTL, 1-1-1, 63:42 minutes

Players Stats

Canadiens
Player Name              G  A  P  +/- PIM S  H  SB FO    MP 
------------------------------------------------------------
Ales Hemsky              0  0  0   1  0   1  0  0  0/0   17 
Alexander Edler          0  1  1   1  2   0  0  1  0/0   18 
Andrei Markov            0  1  1   1  0   0  1  1  0/0   23 
Brent Seabrook           0  1  1   0  6   2  3  1  0/0   19 
Cory Stillman            2  0  2   1  0   3  0  0  0/0   14 
David Booth              0  0  0   0  2   0  0  0  0/0   10 
Dustin Brown             0  0  0   0  2   0  1  0  14/25 16 
Ed Jovanovski            0  0  0   0  4   0  3  2  0/0   23 
Ilya Kovalchuk           0  1  1   1  0   6  0  0  3/3   17 
Jason Pominville         0  1  1   0  0   1  0  0  4/5   18 
Kyle Okposo              0  0  0   0  0   1  0  0  0/0   5  
Maxime Talbot            0  0  0   0  0   0  1  1  0/1   16 
Nathan Horton            0  0  0   0  2   2  3  0  6/12  12 
Patrik Berglund          1  1  2   0  15  1  0  0  5/13  9  
R.J. Umberger            0  0  0   0  0   0  1  0  0/0   12 
Shawn Horcoff            0  0  0   0  0   0  1  0  14/23 23 
Tom Gilbert              0  0  0   0  0   2  0  3  0/0   23 
Toni Lydman              0  0  0   0  2   0  3  1  0/0   19 
Penguins
Player Name              G  A  P  +/- PIM S  H  SB FO    MP 
------------------------------------------------------------
Andrew Ference           0  0  0   0  0   4  0  1  0/0   21 
Brad Richards            0  0  0  -1  0   3  0  0  10/19 22 
Brooks Orpik             0  0  0  -2  2   2  4  1  0/0   17 
Evgeni Malkin            2  0  2   0  0   5  2  0  9/28  26 
Freddy Meyer             0  0  0   0  2   3  0  0  0/0   20 
Jan Hejda                0  0  0  -2  2   0  0  2  0/0   21 
John Madden              0  0  0   0  0   1  0  1  9/19  14 
John-Michael Liles       0  0  0   1  2   3  0  0  0/0   18 
Kris Draper              0  0  0   0  2   1  1  0  0/0   14 
Marian Hossa             0  0  0  -1  0   1  0  0  4/6   23 
Martin Hanzal            0  0  0   0  0   0  0  0  0/0   0  
Pascal Dupuis            0  0  0  -1  0   2  0  1  0/1   8  
Patrick Sharp            0  0  0   1  0   5  0  0  0/1   19 
Pavel Datsyuk            0  2  2   1  0   4  1  0  3/5   23 
Pavel Kubina             0  0  0   1  4   1  3  0  0/0   24 
Ruslan Fedotenko         0  0  0  -1  0   0  4  0  1/3   17 
Steve Montador           0  0  0   0  0   2  1  0  0/0   10 
Vaclav Prospal           0  0  0  -1  0   0  0  0  0/0   8  

3 Stars

1 - Cory Stillman (MTL)
2 - Evgeni Malkin (PIT)
3 - Evgeni Nabokov (MTL)

Power Play

Canadiens - 1 on 6 Attempt(s) - 16.67%
Penguins - 1 on 10 Attempt(s) - 10.00%

Penalty Kill

Canadiens - 9 on 10 Attempt(s) - 90.00% - Score 0 goal in Penalty Kill
Penguins - 5 on 6 Attempt(s) - 83.33% - Score 0 goal in Penalty Kill

Game Notes

Patrik Berglund ejected from game at 4:06 of 3rd period
Patrik Berglund from Canadiens is suspended for 5 game(s)

Finance

Level 1 -- Attendance: 6500 (100.00%) -- Ticket Income $604,500.00
Level 2 -- Attendance: 5000 (100.00%) -- Ticket Income $275,000.00
Level 3 -- Attendance: 3500 (100.00%) -- Ticket Income $115,500.00
Level 4 -- Attendance: 2087 (100.00%) -- Ticket Income $35,479.00
Luxury Box -- Attendance: 1000 (100.00%) -- Ticket Income $185,000.00
Game was played at the Consol Energy Center
Total Attendance: 18087 (100.00%)
Total Ticket Income: $1,333,820.00
Other Income: $400,146.00
Total Income: $1,733,966.00


Play by Play

Period #1

0:01 of 1st period - Shawn Horcoff wins face-off versus Evgeni Malkin in neutral zone.
0:11 of 1st period - Cory Stillman is hit by Pavel Kubina and loses puck.
0:18 of 1st period - Shot by Cory Stillman.
0:18 of 1st period - Shot Misses the Net.
0:22 of 1st period - Shot by Ales Hemsky.
0:22 of 1st period - Stopped by Marc-Andre Fleury without a rebound.
0:23 of 1st period - Brad Richards wins face-off versus Nathan Horton in Penguins zone.
0:30 of 1st period - Shot by Brad Richards.
0:30 of 1st period - Stopped by Evgeni Nabokov without a rebound.
0:31 of 1st period - John Madden wins face-off versus Patrik Berglund in Canadiens zone.
0:31 of 1st period - John Madden is hit by Toni Lydman.
1:11 of 1st period - Shot by Kris Draper.
1:11 of 1st period - Stopped by Evgeni Nabokov without a rebound.
1:12 of 1st period - Evgeni Malkin wins face-off versus Shawn Horcoff in Canadiens zone.
1:20 of 1st period - Icing by Andrei Markov.
1:21 of 1st period - Brad Richards wins face-off versus Shawn Horcoff in Canadiens zone.
1:24 of 1st period - Shot by Brad Richards.
1:24 of 1st period - Deflect By Ruslan Fedotenko.
1:24 of 1st period - Shot Misses the Net.
2:30 of 1st period - Shot by Pavel Datsyuk.
2:30 of 1st period - Shot Misses the Net.
2:34 of 1st period - Shot by Patrick Sharp.
2:34 of 1st period - Stopped by Evgeni Nabokov with a rebound.
2:38 of 1st period - Shot by Patrick Sharp.
2:38 of 1st period - Stopped by Evgeni Nabokov without a rebound.
2:39 of 1st period - Nathan Horton wins face-off versus John Madden in Canadiens zone.
2:39 of 1st period - Nathan Horton is hit by Steve Montador.
2:45 of 1st period - Shot by Ilya Kovalchuk.
2:45 of 1st period - Stopped by Marc-Andre Fleury without a rebound.
2:46 of 1st period - Jason Pominville wins face-off versus John Madden in Penguins zone.
2:52 of 1st period - Minor Penalty to Brent Seabrook for Holding.
2:53 of 1st period - Dustin Brown wins face-off versus Evgeni Malkin in Canadiens zone.
3:00 of 1st period - Icing by Evgeni Malkin.
3:01 of 1st period - Dustin Brown wins face-off versus Evgeni Malkin in Penguins zone.
3:10 of 1st period - Shot by Evgeni Malkin.
3:10 of 1st period - Shot Misses the Net.
3:12 of 1st period - Shot by Pavel Kubina.
3:12 of 1st period - Stopped by Evgeni Nabokov without a rebound.
3:13 of 1st period - Brad Richards wins face-off versus Maxime Talbot in Canadiens zone.
3:55 of 1st period - Off-side.
3:56 of 1st period - Evgeni Malkin wins face-off versus Shawn Horcoff in neutral zone.
4:23 of 1st period - Shot by Patrick Sharp.
4:23 of 1st period - Deflect By Pavel Datsyuk.
4:23 of 1st period - Shot Misses the Net.
4:25 of 1st period - Shot by John-Michael Liles.
4:25 of 1st period - Stopped by Evgeni Nabokov without a rebound.
4:26 of 1st period - Dustin Brown wins face-off versus Brad Richards in Canadiens zone.
4:42 of 1st period - Icing by Marian Hossa.
4:43 of 1st period - Dustin Brown wins face-off versus Brad Richards in Penguins zone.
4:50 of 1st period - Shot by Tom Gilbert.
4:50 of 1st period - Shot Misses the Net.
4:55 of 1st period - Minor Penalty to Brent Seabrook for Hooking.
4:56 of 1st period - Shawn Horcoff wins face-off versus Evgeni Malkin in Canadiens zone.
5:21 of 1st period - Shot by John-Michael Liles.
5:21 of 1st period - Stopped by Evgeni Nabokov without a rebound.
5:22 of 1st period - Brad Richards wins face-off versus Dustin Brown in Canadiens zone.
6:13 of 1st period - Shot by Toni Lydman.
6:13 of 1st period - Shot Misses the Net.
6:19 of 1st period - Evgeni Malkin is hit by Maxime Talbot and loses puck.
6:43 of 1st period - Icing by Jan Hejda.
6:44 of 1st period - Dustin Brown wins face-off versus Brad Richards in Penguins zone.
7:52 of 1st period - Minor Penalty to Jan Hejda for Hooking.
7:53 of 1st period - Patrik Berglund wins face-off versus John Madden in Penguins zone.
8:17 of 1st period - Patrik Berglund is hit by Brooks Orpik and loses puck.
8:48 of 1st period - Shot by Andrei Markov.
8:48 of 1st period - Shot Misses the Net.
9:29 of 1st period - Shot by Brent Seabrook.
9:29 of 1st period - Stopped by Marc-Andre Fleury without a rebound.
9:30 of 1st period - Nathan Horton wins face-off versus Pavel Datsyuk in Penguins zone.
9:59 of 1st period - Icing by Kyle Okposo.
10:00 of 1st period - Evgeni Malkin wins face-off versus Dustin Brown in Canadiens zone.
10:02 of 1st period - Vaclav Prospal is hit by Ed Jovanovski and loses puck.
11:00 of 1st period - Icing by Evgeni Malkin.
11:01 of 1st period - Shawn Horcoff wins face-off versus Evgeni Malkin in Penguins zone.
11:08 of 1st period - Shot by Ales Hemsky.
11:08 of 1st period - Shot Blocked by Jan Hejda.
11:23 of 1st period - Minor Penalty to Kris Draper for Tripping.
11:24 of 1st period - John Madden wins face-off versus Patrik Berglund in Penguins zone.
11:39 of 1st period - Shot by Cory Stillman.
11:39 of 1st period - Stopped by Marc-Andre Fleury without a rebound.
11:40 of 1st period - Nathan Horton wins face-off versus John Madden in Penguins zone.
11:43 of 1st period - Shot by Ilya Kovalchuk.
11:43 of 1st period - Stopped by Marc-Andre Fleury without a rebound.
11:44 of 1st period - Marian Hossa wins face-off versus Nathan Horton in Penguins zone.
11:44 of 1st period - Marian Hossa is hit by Nathan Horton.
13:07 of 1st period - Off-side.
13:08 of 1st period - Patrik Berglund wins face-off versus John Madden in neutral zone.
13:08 of 1st period - Patrik Berglund is hit by Brooks Orpik.
13:18 of 1st period - Shot by Alexander Edler.
13:18 of 1st period - Shot Blocked by Andrew Ference.
13:25 of 1st period - Icing by Brent Seabrook.
13:26 of 1st period - Dustin Brown wins face-off versus Evgeni Malkin in Canadiens zone.
13:55 of 1st period - Minor Penalty to John-Michael Liles for Roughing.
13:55 of 1st period - Minor Penalty to Dustin Brown for Hooking.
13:56 of 1st period - Nathan Horton wins face-off versus Marian Hossa in Penguins zone.
14:07 of 1st period - Shot by Ilya Kovalchuk.
14:07 of 1st period - Stopped by Marc-Andre Fleury without a rebound.
14:08 of 1st period - Marian Hossa wins face-off versus Shawn Horcoff in Penguins zone.
14:17 of 1st period - Shot by Brad Richards.
14:17 of 1st period - Shot Misses the Net.
15:14 of 1st period - Icing by Andrei Markov.
15:15 of 1st period - Ilya Kovalchuk wins face-off versus Marian Hossa in Canadiens zone.
15:22 of 1st period - Shot by Marian Hossa.
15:22 of 1st period - Stopped by Evgeni Nabokov without a rebound.
15:23 of 1st period - Shawn Horcoff wins face-off versus Patrick Sharp in Canadiens zone.
15:42 of 1st period - Shot by Toni Lydman.
15:42 of 1st period - Shot Misses the Net.
16:20 of 1st period - Minor Penalty to Ed Jovanovski for Roughing.
16:21 of 1st period - Marian Hossa wins face-off versus Shawn Horcoff in Canadiens zone.
16:21 of 1st period - Pavel Datsyuk is hit by Brent Seabrook and loses puck.
16:31 of 1st period - Icing by John-Michael Liles.
16:32 of 1st period - Marian Hossa wins face-off versus Dustin Brown in Penguins zone.
17:42 of 1st period - Shot by Patrick Sharp.
17:42 of 1st period - Shot Hit the Post.
17:44 of 1st period - Shot by Pavel Datsyuk.
17:44 of 1st period - Deflect By Patrick Sharp.
17:44 of 1st period - Stopped by Evgeni Nabokov without a rebound.
17:45 of 1st period - Pavel Datsyuk wins face-off versus Dustin Brown in Canadiens zone.
19:40 of 1st period - Shot by Steve Montador.
19:40 of 1st period - Shot Blocked by Toni Lydman.
19:42 of 1st period - Shot by John Madden.
19:42 of 1st period - Stopped by Evgeni Nabokov without a rebound.
19:43 of 1st period - Dustin Brown wins face-off versus Evgeni Malkin in Canadiens zone.

Period #2

0:01 of 2nd period - Shawn Horcoff wins face-off versus Evgeni Malkin in neutral zone.
1:14 of 2nd period - Shot by Ilya Kovalchuk.
1:14 of 2nd period - Shot Misses the Net.
1:16 of 2nd period - Shot by Tom Gilbert.
1:16 of 2nd period - Shot Misses the Net.
1:29 of 2nd period - Icing by Brooks Orpik.
1:30 of 2nd period - Brad Richards wins face-off versus Patrik Berglund in Penguins zone.
1:54 of 2nd period - Shot by John Madden.
1:54 of 2nd period - Deflect By Kris Draper.
1:54 of 2nd period - Shot Misses the Net.
1:58 of 2nd period - Shot by Freddy Meyer.
1:58 of 2nd period - Shot Misses the Net.
2:02 of 2nd period - Shot by Andrew Ference.
2:02 of 2nd period - Shot Hit the Post.
2:04 of 2nd period - Shot by Andrew Ference.
2:04 of 2nd period - Shot Misses the Net.
2:05 of 2nd period - Minor Penalty to Brent Seabrook for Roughing.
2:06 of 2nd period - Dustin Brown wins face-off versus Evgeni Malkin in Canadiens zone.
2:39 of 2nd period - Shot by Pavel Datsyuk.
2:39 of 2nd period - Shot Misses the Net.
2:53 of 2nd period - Shot by Marian Hossa.
2:53 of 2nd period - Shot Misses the Net.
2:57 of 2nd period - Shot by Brad Richards.
2:57 of 2nd period - Stopped by Evgeni Nabokov without a rebound.
2:58 of 2nd period - Ruslan Fedotenko wins face-off versus Shawn Horcoff in Canadiens zone.
4:15 of 2nd period - Shot by Andrew Ference.
4:15 of 2nd period - Stopped by Evgeni Nabokov without a rebound.
4:16 of 2nd period - Nathan Horton wins face-off versus Pascal Dupuis in Canadiens zone.
4:16 of 2nd period - Ilya Kovalchuk is hit by Evgeni Malkin and loses puck.
4:50 of 2nd period - Minor Penalty to Ed Jovanovski for Interference.
4:51 of 2nd period - Shawn Horcoff wins face-off versus Brad Richards in Canadiens zone.
5:21 of 2nd period - Icing by Andrew Ference.
5:22 of 2nd period - Brad Richards wins face-off versus Dustin Brown in Penguins zone.
6:35 of 2nd period - Shot by Kris Draper.
6:35 of 2nd period - Shot Misses the Net.
6:37 of 2nd period - Shot by Steve Montador.
6:37 of 2nd period - Stopped by Evgeni Nabokov without a rebound.
6:38 of 2nd period - John Madden wins face-off versus Shawn Horcoff in Canadiens zone.
6:38 of 2nd period - John Madden is hit by Toni Lydman.
6:48 of 2nd period - Shot by John-Michael Liles.
6:48 of 2nd period - Stopped by Evgeni Nabokov without a rebound.
6:49 of 2nd period - John Madden wins face-off versus Dustin Brown in Canadiens zone.
7:02 of 2nd period - Minor Penalty to Pavel Kubina for Hooking.
7:03 of 2nd period - John Madden wins face-off versus Nathan Horton in Penguins zone.
7:55 of 2nd period - Shot by Alexander Edler.
7:55 of 2nd period - Deflect By Cory Stillman.
7:55 of 2nd period - Goal by Cory Stillman - Canadiens : 1 - Penguins : 0.
7:56 of 2nd period - Brad Richards wins face-off versus Patrik Berglund in neutral zone.
8:16 of 2nd period - Shot by Jason Pominville.
8:16 of 2nd period - Shot Misses the Net.
8:18 of 2nd period - Shot by Brent Seabrook.
8:18 of 2nd period - Shot Misses the Net.
8:20 of 2nd period - Shot by Patrik Berglund.
8:20 of 2nd period - Goal by Patrik Berglund - Canadiens : 2 - Penguins : 0.
8:21 of 2nd period - Evgeni Malkin wins face-off versus Dustin Brown in neutral zone.
9:36 of 2nd period - Minor Penalty to Freddy Meyer for Slashing.
9:37 of 2nd period - Patrik Berglund wins face-off versus John Madden in Penguins zone.
9:58 of 2nd period - Shot by Tom Gilbert.
9:58 of 2nd period - Shot Misses the Net.
10:33 of 2nd period - Shot by Ilya Kovalchuk.
10:33 of 2nd period - Stopped by Marc-Andre Fleury with a rebound.
10:35 of 2nd period - Shot by Ales Hemsky.
10:35 of 2nd period - Shot Misses the Net.
10:37 of 2nd period - Shot by Ed Jovanovski.
10:37 of 2nd period - Shot Misses the Net.
11:51 of 2nd period - Shot by Tom Gilbert.
11:51 of 2nd period - Stopped by Marc-Andre Fleury without a rebound.
11:52 of 2nd period - Brad Richards wins face-off versus Dustin Brown in Penguins zone.
11:52 of 2nd period - Brad Richards is hit by Dustin Brown.
12:04 of 2nd period - Shot by Kyle Okposo.
12:04 of 2nd period - Stopped by Marc-Andre Fleury with a rebound.
12:41 of 2nd period - Shot by Ilya Kovalchuk.
12:41 of 2nd period - Stopped by Marc-Andre Fleury with a rebound.
12:43 of 2nd period - Shot by Jason Pominville.
12:43 of 2nd period - Shot Misses the Net.
12:47 of 2nd period - Shot by Jason Pominville.
12:47 of 2nd period - Deflect By Ilya Kovalchuk.
12:47 of 2nd period - Shot Misses the Net.
12:51 of 2nd period - Shot by David Booth.
12:51 of 2nd period - Shot Misses the Net.
12:53 of 2nd period - Shot by Jason Pominville.
12:53 of 2nd period - Shot Misses the Net.
12:55 of 2nd period - Shot by Brent Seabrook.
12:55 of 2nd period - Shot Blocked by Brooks Orpik.
12:59 of 2nd period - Shot by Ilya Kovalchuk.
12:59 of 2nd period - Stopped by Marc-Andre Fleury with a rebound.
14:02 of 2nd period - Shot by Ilya Kovalchuk.
14:02 of 2nd period - Shot Misses the Net.
14:04 of 2nd period - Shot by Nathan Horton.
14:04 of 2nd period - Shot Misses the Net.
14:06 of 2nd period - Shot by Tom Gilbert.
14:06 of 2nd period - Stopped by Marc-Andre Fleury without a rebound.
14:07 of 2nd period - Dustin Brown wins face-off versus Evgeni Malkin in Penguins zone.
14:41 of 2nd period - Shot by Evgeni Malkin.
14:41 of 2nd period - Stopped by Evgeni Nabokov without a rebound.
14:42 of 2nd period - John Madden wins face-off versus Patrik Berglund in Canadiens zone.
14:42 of 2nd period - John Madden is hit by Brent Seabrook.
14:44 of 2nd period - Shot by Steve Montador.
14:44 of 2nd period - Shot Misses the Net.
14:47 of 2nd period - Minor Penalty to Toni Lydman for Interference.
14:48 of 2nd period - Evgeni Malkin wins face-off versus Shawn Horcoff in Canadiens zone.
14:49 of 2nd period - Shot by Pavel Datsyuk.
14:49 of 2nd period - Stopped by Evgeni Nabokov without a rebound.
14:50 of 2nd period - Shawn Horcoff wins face-off versus Evgeni Malkin in Canadiens zone.
15:48 of 2nd period - Shot by Andrew Ference.
15:48 of 2nd period - Shot Misses the Net.
15:50 of 2nd period - Shot by Freddy Meyer.
15:50 of 2nd period - Stopped by Evgeni Nabokov with a rebound.
16:10 of 2nd period - Shot by Andrew Ference.
16:10 of 2nd period - Shot Misses the Net.
16:24 of 2nd period - Shot by Evgeni Malkin.
16:24 of 2nd period - Shot Misses the Net.
16:26 of 2nd period - Shot by Pavel Datsyuk.
16:26 of 2nd period - Shot Blocked by Ed Jovanovski.
16:28 of 2nd period - Shot by Evgeni Malkin.
16:28 of 2nd period - Goal by Evgeni Malkin - Canadiens : 2 - Penguins : 1.
16:29 of 2nd period - Patrik Berglund wins face-off versus John Madden in neutral zone.
16:49 of 2nd period - Off-side.
16:50 of 2nd period - Shawn Horcoff wins face-off versus Evgeni Malkin in neutral zone.
16:52 of 2nd period - Ales Hemsky is hit by Pavel Kubina and loses puck.
17:12 of 2nd period - Icing by Alexander Edler.
17:13 of 2nd period - Shawn Horcoff wins face-off versus Brad Richards in Canadiens zone.
17:20 of 2nd period - Shot by Ales Hemsky.
17:20 of 2nd period - Shot Blocked by John Madden.
18:09 of 2nd period - Icing by Jan Hejda.
18:10 of 2nd period - Evgeni Malkin wins face-off versus Nathan Horton in Penguins zone.
18:10 of 2nd period - Evgeni Malkin is hit by Nathan Horton.
18:42 of 2nd period - Shot by Ilya Kovalchuk.
18:42 of 2nd period - Shot Blocked by Pascal Dupuis.
18:44 of 2nd period - Shot by Ilya Kovalchuk.
18:44 of 2nd period - Deflect By Nathan Horton.
18:44 of 2nd period - Stopped by Marc-Andre Fleury without a rebound.
18:45 of 2nd period - Jason Pominville wins face-off versus John Madden in Penguins zone.
19:08 of 2nd period - Shot by Patrik Berglund.
19:08 of 2nd period - Shot Misses the Net.
19:10 of 2nd period - Shot by Brent Seabrook.
19:10 of 2nd period - Stopped by Marc-Andre Fleury without a rebound.
19:11 of 2nd period - Dustin Brown wins face-off versus Ruslan Fedotenko in Penguins zone.
19:15 of 2nd period - Dustin Brown is hit by Brooks Orpik and loses puck.
19:33 of 2nd period - Kyle Okposo is hit by Brooks Orpik and loses puck.
19:43 of 2nd period - Icing by Kris Draper.
19:44 of 2nd period - Patrik Berglund wins face-off versus Brad Richards in Penguins zone.
19:44 of 2nd period - David Booth is hit by Kris Draper and loses puck.
19:59 of 2nd period - Shot by David Booth.
19:59 of 2nd period - Shot Misses the Net.

Period #3

0:01 of 3rd period - Shawn Horcoff wins face-off versus Evgeni Malkin in neutral zone.
0:01 of 3rd period - Shawn Horcoff is hit by Pavel Datsyuk.
0:12 of 3rd period - Minor Penalty to Pavel Kubina for High sticking.
0:13 of 3rd period - Nathan Horton wins face-off versus John Madden in Penguins zone.
0:26 of 3rd period - Shot by Pavel Datsyuk.
0:26 of 3rd period - Stopped by Evgeni Nabokov without a rebound.
0:27 of 3rd period - John Madden wins face-off versus Patrik Berglund in Canadiens zone.
0:40 of 3rd period - Andrew Ference is hit by R.J. Umberger and loses puck.
1:39 of 3rd period - Shot by Nathan Horton.
1:39 of 3rd period - Stopped by Marc-Andre Fleury without a rebound.
1:40 of 3rd period - Pavel Datsyuk wins face-off versus Nathan Horton in Penguins zone.
2:18 of 3rd period - Shot by Pavel Datsyuk.
2:18 of 3rd period - Shot Blocked by Brent Seabrook.
2:22 of 3rd period - Shot by Pavel Datsyuk.
2:22 of 3rd period - Shot Misses the Net.
2:24 of 3rd period - Shot by Evgeni Malkin.
2:24 of 3rd period - Stopped by Evgeni Nabokov with a rebound.
2:28 of 3rd period - Shot by Pavel Datsyuk.
2:28 of 3rd period - Stopped by Evgeni Nabokov without a rebound.
2:29 of 3rd period - Dustin Brown wins face-off versus Evgeni Malkin in Canadiens zone.
2:51 of 3rd period - Kyle Okposo is hit by Pavel Kubina.
3:03 of 3rd period - Shot by Pascal Dupuis.
3:03 of 3rd period - Stopped by Evgeni Nabokov without a rebound.
3:04 of 3rd period - John Madden wins face-off versus Shawn Horcoff in Canadiens zone.
3:29 of 3rd period - Steve Montador is hit by Andrei Markov and loses puck.
3:56 of 3rd period - Shot by Marian Hossa.
3:56 of 3rd period - Shot Blocked by Andrei Markov.
3:58 of 3rd period - Shot by Brooks Orpik.
3:58 of 3rd period - Stopped by Evgeni Nabokov without a rebound.
3:59 of 3rd period - Evgeni Malkin wins face-off versus Patrik Berglund in Canadiens zone.
3:59 of 3rd period - Evgeni Malkin is hit by Brent Seabrook.
4:05 of 3rd period - Shot by Evgeni Malkin.
4:05 of 3rd period - Goal by Evgeni Malkin - Canadiens : 2 - Penguins : 2.
4:06 of 3rd period - Evgeni Malkin wins face-off versus Patrik Berglund in neutral zone.
4:06 of 3rd period - Major / Game Misconduct Penalty to Patrik Berglund for Checking from behind.
4:06 of 3rd period - Patrik Berglund is ejected from game.
4:07 of 3rd period - Dustin Brown wins face-off versus Evgeni Malkin in Canadiens zone.
4:20 of 3rd period - Shot by Pavel Datsyuk.
4:20 of 3rd period - Stopped by Evgeni Nabokov without a rebound.
4:21 of 3rd period - Dustin Brown wins face-off versus Ruslan Fedotenko in Canadiens zone.
4:35 of 3rd period - Marian Hossa is hit by Toni Lydman and loses puck.
4:38 of 3rd period - Shot by Andrew Ference.
4:38 of 3rd period - Stopped by Evgeni Nabokov with a rebound.
4:40 of 3rd period - Shot by Freddy Meyer.
4:40 of 3rd period - Stopped by Evgeni Nabokov with a rebound.
4:44 of 3rd period - Shot by Marian Hossa.
4:44 of 3rd period - Shot Misses the Net.
4:48 of 3rd period - Shot by Brad Richards.
4:48 of 3rd period - Shot Misses the Net.
6:20 of 3rd period - Ed Jovanovski is hit by Ruslan Fedotenko and loses puck.
7:05 of 3rd period - Shot by Brad Richards.
7:05 of 3rd period - Shot Misses the Net.
7:07 of 3rd period - Shot by Steve Montador.
7:07 of 3rd period - Stopped by Evgeni Nabokov with a rebound.
7:09 of 3rd period - Shot by Brad Richards.
7:09 of 3rd period - Stopped by Evgeni Nabokov with a rebound.
7:11 of 3rd period - Shot by Jan Hejda.
7:11 of 3rd period - Shot Blocked by Tom Gilbert.
7:13 of 3rd period - Shot by Freddy Meyer.
7:13 of 3rd period - Stopped by Evgeni Nabokov with a rebound.
7:29 of 3rd period - Shot by Jan Hejda.
7:29 of 3rd period - Shot Blocked by Tom Gilbert.
7:53 of 3rd period - Shot by Marian Hossa.
7:53 of 3rd period - Shot Misses the Net.
7:55 of 3rd period - Shot by Andrew Ference.
7:55 of 3rd period - Stopped by Evgeni Nabokov without a rebound.
7:56 of 3rd period - Ilya Kovalchuk wins face-off versus Pavel Datsyuk in Canadiens zone.
8:10 of 3rd period - Off-side.
8:11 of 3rd period - Shawn Horcoff wins face-off versus John Madden in neutral zone.
8:14 of 3rd period - Freddy Meyer is hit by Shawn Horcoff and loses puck.
8:39 of 3rd period - Shot by Freddy Meyer.
8:39 of 3rd period - Shot Misses the Net.
8:52 of 3rd period - Icing by Pavel Datsyuk.
8:53 of 3rd period - Ilya Kovalchuk wins face-off versus Evgeni Malkin in Penguins zone.
9:18 of 3rd period - Minor Penalty to David Booth for Holding Stick.
9:19 of 3rd period - Brad Richards wins face-off versus Dustin Brown in Canadiens zone.
9:40 of 3rd period - Shot by Freddy Meyer.
9:40 of 3rd period - Shot Blocked by Alexander Edler.
10:54 of 3rd period - Shot by Brad Richards.
10:54 of 3rd period - Shot Misses the Net.
10:56 of 3rd period - Shot by Brooks Orpik.
10:56 of 3rd period - Stopped by Evgeni Nabokov without a rebound.
10:57 of 3rd period - Shawn Horcoff wins face-off versus Evgeni Malkin in Canadiens zone.
11:34 of 3rd period - Minor Penalty to Alexander Edler for Holding.
11:35 of 3rd period - Shawn Horcoff wins face-off versus Brad Richards in Canadiens zone.
11:35 of 3rd period - Shawn Horcoff is hit by Ruslan Fedotenko.
12:59 of 3rd period - Brent Seabrook is hit by Ruslan Fedotenko and loses puck.
13:12 of 3rd period - Shot by Freddy Meyer.
13:12 of 3rd period - Shot Blocked by Tom Gilbert.
13:46 of 3rd period - Shot by Pascal Dupuis.
13:46 of 3rd period - Stopped by Evgeni Nabokov without a rebound.
13:47 of 3rd period - John Madden wins face-off versus Nathan Horton in Canadiens zone.
15:12 of 3rd period - Toni Lydman is hit by Ruslan Fedotenko and loses puck.
15:49 of 3rd period - Shot by Ilya Kovalchuk.
15:49 of 3rd period - Shot Misses the Net.
16:23 of 3rd period - Minor Penalty to Brooks Orpik for Roughing.
16:24 of 3rd period - Pavel Datsyuk wins face-off versus Jason Pominville in Penguins zone.
17:17 of 3rd period - Evgeni Malkin is hit by Nathan Horton and loses puck.
18:27 of 3rd period - Shot by Jason Pominville.
18:27 of 3rd period - Stopped by Marc-Andre Fleury without a rebound.
18:28 of 3rd period - Jason Pominville wins face-off versus Brad Richards in Penguins zone.
18:55 of 3rd period - Shot by Ilya Kovalchuk.
18:55 of 3rd period - Shot Misses the Net.
19:08 of 3rd period - Icing by Tom Gilbert.
19:09 of 3rd period - Jason Pominville wins face-off versus Evgeni Malkin in Canadiens zone.
19:09 of 3rd period - Jason Pominville is hit by Evgeni Malkin.

Overtime #1

0:01 of 1st overtime period - Shawn Horcoff wins face-off versus Evgeni Malkin in neutral zone.
0:32 of 1st overtime period - Shot by Patrick Sharp.
0:32 of 1st overtime period - Stopped by Evgeni Nabokov with a rebound.
1:05 of 1st overtime period - Minor Penalty to Nathan Horton for Hooking.
1:06 of 1st overtime period - Dustin Brown wins face-off versus Brad Richards in Canadiens zone.
1:21 of 1st overtime period - Shot by Ruslan Fedotenko.
1:21 of 1st overtime period - Shot Misses the Net.
1:23 of 1st overtime period - Shot by Freddy Meyer.
1:23 of 1st overtime period - Shot Blocked by Maxime Talbot.
1:25 of 1st overtime period - Shot by Andrew Ference.
1:25 of 1st overtime period - Stopped by Evgeni Nabokov without a rebound.
1:26 of 1st overtime period - Brad Richards wins face-off versus Dustin Brown in Canadiens zone.
2:08 of 1st overtime period - Shot by Evgeni Malkin.
2:08 of 1st overtime period - Stopped by Evgeni Nabokov without a rebound.
2:09 of 1st overtime period - Evgeni Malkin wins face-off versus Dustin Brown in Canadiens zone.
2:10 of 1st overtime period - Shot by Patrick Sharp.
2:10 of 1st overtime period - Stopped by Evgeni Nabokov with a rebound.
2:12 of 1st overtime period - Shot by Pavel Datsyuk.
2:12 of 1st overtime period - Deflect By Patrick Sharp.
2:12 of 1st overtime period - Shot Misses the Net.
2:15 of 1st overtime period - Pavel Datsyuk is hit by Ed Jovanovski and loses puck.
2:31 of 1st overtime period - Evgeni Malkin is hit by Ed Jovanovski and loses puck.
2:38 of 1st overtime period - Shot by Patrick Sharp.
2:38 of 1st overtime period - Shot Blocked by Ed Jovanovski.
3:39 of 1st overtime period - Shot by Ilya Kovalchuk.
3:39 of 1st overtime period - Shot Blocked by Jan Hejda.
3:41 of 1st overtime period - Shot by Cory Stillman.
3:41 of 1st overtime period - Goal by Cory Stillman - Canadiens : 3 - Penguins : 2.


Output by the SimonT Hockey Simulator (STHS) for Stephane Roy -- Original Page W3C XHTML 1.0 Valid